 Dungeon Crawl Stone Soup version 0.27-a0-1084-g78b3836a5f (webtiles) character file.

Game seed: 2477526196605875956

49 spiderkeys the Chopper (level 3, -2/33 HPs)
             Began as a Hill Orc Monk on Apr 27, 2021.
             Slain by an orc
             ... wielding a +0 hand axe
              (5 damage)
             ... on level 2 of the Dungeon.
             The game lasted 00:02:39 (1963 turns).

spiderkeys the Chopper (Hill Orc Monk)              Turns: 1963, Time: 00:02:40

Health: -2/33      AC:  6    Str: 14    XL:     3   Next: 77%
Magic:  3/3        EV:  9    Int: 10    God:
Gold:   37         SH:  0    Dex: 13    Spells: 2/2 levels left

rFire    . . .     SeeInvis .   a - +0 hand axe
rCold    . . .     Faith    .   (no shield)
rNeg     . . .     Spirit   .   h - +0 scale mail
rPois    .         Reflect  .   (no helmet)
rElec    .         Harm     .   (no cloak)
rCorr    .         Rampage  .   (no gloves)
Will     .....                  (no boots)
Stlth    ..........             (no amulet)
HPRegen  0.11/turn              (no ring)
MPRegen  0.08/turn              (no ring)

@: no status effects
A: no striking features
a: no special abilities


You were on level 2 of the Dungeon.
You visited 1 branch of the dungeon, and saw 2 of its levels.

You collected 37 gold pieces.


   Skills:
 + Level 4.2 Fighting
 * Level 5.2 Axes
 + Level 1.5 Armour
 - Level 2.4 Dodging
 - Level 1.5 Stealth


You had 2 spell levels left.
You didn't know any spells.
Your spell library contained the following spells:

 Spells                   Type           Power      Damage    Failure   Level
 Corona                   Hex            0%         N/A       86%         1
 Ensorcelled Hibernation  Hex/Ice        0%         N/A       94%         2
 Confusing Touch          Hex            0%         N/A       99%         3
 Dazzling Flash           Conj/Hex       0%         N/A       99%         3
 Tukima's Dance           Hex            0%         N/A       99%         3

Inventory:

Hand Weapons
 a - a +0 hand axe (weapon)
Missiles
 c - 42 bolts
 d - 65 stones (quivered)
Armour
 h - a +0 scale mail (worn)
   (You found it on level 1 of the Dungeon)
Potions
 e - a potion of attraction {unknown}
 f - a potion of berserk rage {unknown}

Dungeon Overview and Level Annotations

Branches:
Dungeon (2/15)

Altars:
Nemelex Xobeh

#############
............ #.####.....
##.......... .
#.....#..... ..
#).##.#.##.. ..#.### #+#
#.....#.##..
.......##.####...........
#...@o...............
#..##o#.....###+++###
.......o.....## #
....##.##.#..#.# ..# #.
#.#....# . .. .......#
#.##......# .. ..#o...#
......###


You could see an orc wizard and 2 orcs.


Message History

No target in view!
No target in view!
You enter the shallow water.
Moving in this stuff is going to be slow.
You now have 23 gold pieces (gained 1).
You now have 24 gold pieces (gained 1).
There is a faded altar of an unknown god here.
You enter the shallow water.
Moving in this stuff is going to be slow.
You now have 25 gold pieces (gained 1).
You now have 26 gold pieces (gained 1).
A kobold comes into view. It is wielding a +0 short sword.
The kobold shouts!
The kobold moves out of view. 😎 HP[+7]
Your hp is fully restored (33).
A kobold is nearby!
A kobold is nearby!
The kobold throws a stone.
The stone hits you. 😕 HP[-1]
You take 1 damage, and now have 32/33 hp.
The kobold closely misses you.
You hit the kobold.
You kill the kobold!
No target in view!
No target in view!
No target in view!
d - 65 stones (gained 1)
You see here a +0 short sword. 😎 HP[+1]
Your hp is fully restored (33).
You now have 37 gold pieces (gained 11).
An orc comes into view. It is wielding a +0 club.
The orc shouts!
An orc comes into view. It is wielding a +0 flail.
Found a stone staircase leading down.
There are monsters nearby!
An orc wizard comes into view. It is wielding a +0 dagger.
The orc wizard shouts!
You slash the orc!
You kill the orc!
The orc shouts!
The orc wizard points at you and mumbles some strange words.
The puff of flame hits you!
You see here a +0 club. 😮 HP[-9]
You take 9 damage, and now have 24/33 hp.
MASSIVE DAMAGE!! (PAUSE)
The orc wizard casts a spell at you. The puff of flame hits you. 😮 HP[-1]
You take 1 damage, and now have 23/33 hp.
An orc comes into view. It is wielding a +0 hand axe.
The orc shouts!
The orc moves out of view.
You hit the orc wizard.
The orc wizard points at you and mumbles some strange words.
The magic dart hits you. 😮 HP[-2]
You take 2 damage, and now have 21/33 hp.
You closely miss the orc wizard.
The orc wizard hits you but does no damage.
Your scale mail prevents you from hitting the orc wizard.
The orc wizard hits you but does no damage.
A rat comes into view.
The orc hits you but does no damage.
You closely miss the orc wizard. You hit the orc but do no damage.
The orc wizard barely misses you. The orc hits you with a +0 flail.
The orc hits you but does no damage. 😮 HP[-1]
You take 1 damage, and now have 20/33 hp.
You barely miss the orc wizard. You hit the orc. You closely miss the orc.
The orc wizard hits you with a +0 dagger.
The orc hits you with a +0 flail.
* * * LOW HITPOINT WARNING * * *
The orc hits you with a +0 hand axe.
* * * LOW HITPOINT WARNING * * *
😨 HP[-8]
You take 8 damage, and now have 12/33 hp.
MASSIVE DAMAGE!! (PAUSE)
The orc wizard hits you but does no damage.
The orc throws a boomerang.
The boomerang hits you.
* * * LOW HITPOINT WARNING * * *
😨 HP[-3]
You take 3 damage, and now have 9/33 hp.
You hit the orc wizard. You hit the orc but do no damage.
The orc wizard hits you but does no damage.
The orc closely misses you.
You closely miss the orc wizard. You closely miss the orc.
The orc wizard closely misses you. The orc closely misses you.
You hit the orc wizard. You hit the orc but do no damage.
The orc wizard casts a spell at you. You resist with significant effort.
The orc hits you with a +0 hand axe.
* * * LOW HITPOINT WARNING * * *
😱 HP[-6]
You take 6 damage, and now have 3/33 hp.
You hit the orc wizard. You hit the orc but do no damage.
The orc wizard hits you but does no damage.
The orc hits you with a +0 hand axe.
You die...

Skill      XL: |  1  2  3 |
---------------+----------+-----
Armour         | 1 |  1.5
Fighting       | 4 |  4.2
Axes           | 5 |  5.2
Dodging        | |  2.4
Stealth        | |  1.5

Action                   || total
-------------------------++-------
Melee: Hand axe          ||   107
  Use: Scroll            ||     2
       Potion            ||     2
 Stab: Sleeping          ||     1
Armor: Robe              ||    12
       Scale mail        ||     8
Dodge: Dodged            ||    60

Levels and vault maps discovered:
D:1:      mrwooster_arrival_statue_2, layout_basic
D:2:      cheibrodos_fertilizer, layout_basic,
          hellmonk_ecumenical_altar_pennies_from_heaven, basic_altar

Notes
Turn   | Place    | Note
-------+----------+-------------------------------------------
     0 | D:1      | spiderkeys the Hill Orc Monk began the quest for the Orb.
     0 | D:1      | Reached XP level 1. HP: 19/19 MP: 1/1
     0 | D:1      | magus.rc [v1.9.10]
    82 | D:1      | Reached XP level 2. HP: 17/27 MP: 2/2
   449 | D:1      | HP: 6/27 [rat (3)]
   451 | D:1      | HP: 2/27 [rat (2)]
   453 | D:1      | Reached skill level 1 in Armour
   861 | D:1      | Reached skill level 4 in Fighting
   903 | D:1      | Reached XP level 3. HP: 20/33 MP: 3/3
   983 | D:1      | HP: 7/33 [gnoll/+0 club (7)]
   990 | D:1      | Reached skill level 5 in Axes
  1771 | D:2      | You pick up a book of Maledictions and begin reading...
  1771 | D:2      | You add the spells Corona, Ensorcelled Hibernation,
                  | Confusing Touch, Tukima's Dance and Dazzling Flash to your
                  | library.
  1802 | D:2      | Found a faded altar of an unknown god.
  1810 | D:2      | Found a sparkling altar of Nemelex Xobeh.
  1962 | D:2      | HP: 3/33 [orc/+0 hand axe (6)]
  1963 | D:2      | Slain by an orc

Vanquished Creatures
  A gnoll (D:1)
  An orc (D:2)
  7 endoplasms
  A giant cockroach (D:1)
  2 goblins (D:1)
  A hobgoblin (D:1)
  7 jackals (D:1)
  A quokka (D:1)
  3 ball pythons (D:1)
  3 bats (D:1)
  2 frilled lizards (D:1)
  A kobold (D:2)
  5 rats (D:1)
35 creatures vanquished.

Vanquished Creatures (others)
  2 toadstools (D:2)
2 creatures vanquished.

Grand Total: 37 creatures vanquished

Table legend:
 A = Non-vault XP
 B = Vault XP
 C = Vault XP percentage of total XP
 D = Non-vault monster count
 E = Vault monster count
 F = Vault count percentage of total count
                 A         B        C        D         E       F
            +---------+---------+-------+---------+---------+-------
      Total |      71 |       0 |   0.0 |      35 |       0 |   0.0
            +---------+---------+-------+---------+---------+-------
        D:1 |      63 |       0 |   0.0 |      31 |       0 |   0.0
        D:2 |       8 |       0 |   0.0 |       4 |       0 |   0.0
            +---------+---------+-------+---------+---------+-------

Illustrated notes

Table legend:
 A = Kills in this place as a percentage of kills in entire the game.
 B = Kills by you in this place as a percentage of kills by you in the entire game.
 C = Kills by friends in this place as a percentage of kills by friends in the entire game.
 D = Other kills in this place as a percentage of other kills in the entire game.
 E = Experience gained in this place as a percentage of experience gained in the entire game.
 F = Experience gained in this place divided by the number of levels of this place that you have seen.
                   A       B       C       D       E      F
               +-------+-------+-------+-------+-------+----------------------
         Total | 100.0 | 100.0 |   N/A |   N/A | 100.0 |  35.5
       Dungeon | 100.0 | 100.0 |   N/A |   N/A | 100.0 |  35.5
               +-------+-------+-------+-------+-------+----------------------

Table legend: (Time is in decaauts)
 A = Elapsed time spent in this place.
 B = Non-inter-level travel time spent in this place.
 C = Inter-level travel time spent in this place.
 D = Time resting spent in this place.
 E = Time spent auto-exploring this place.
 F = Levels seen in this place.
 G = Mean time per level.
                   A        B        C        D        E       F      G
               +--------+--------+--------+--------+--------+-----+--------+
         Total |   1972 |   1927 |     45 |    273 |   1348 |   2 |  986.0 |
       Dungeon |   1972 |   1927 |     45 |    273 |   1348 |   2 |  986.0 |
               +--------+--------+--------+--------+--------+-----+--------+

Top non-repeatable levels by time:
     D:1: 1752 daAuts
     D:2: 220 daAuts
